 Dungeon Crawl Stone Soup version 0.30.0-29-ga12c61a403 (webtiles) character file.

Game seed: 6199589291245929060

908 H0rd4k the Charlatan (level 8, 0/60 HPs)
             Began as a Human Artificer on June 22, 2023.
             Was an Initiate of Gozag.
             Slain by an ogre
             ... wielding a +0 giant club
              (23 damage)
             ... on level 7 of the Dungeon.
             The game lasted 00:09:01 (5820 turns).

H0rd4k the Charlatan (Human Artificer)              Turns: 5820, Time: 00:09:02

Health: 0/60       AC:  4    Str: 10    XL:     8   Next: 29%
Magic:  12/12      EV: 12    Int: 15    God:    Gozag
Gold:   208        SH:  0    Dex: 13    Spells: 12/12 levels left

rFire   + . .        s - +0 flail
rCold   x . .        (no shield)
rNeg    . . .        z - +1 leather armour "Naneli" {Regen+ rCorr Str-2 Stlth+}
rPois   .            (no helmet)
rElec   .            (no cloak)
rCorr   +            (no gloves)
SInv    .            (no boots)
Will    .....        (no amulet)
Stlth   +++          p - ring of fire
HPRegen 1.10/turn    (no ring)
MPRegen 0.13/turn

%: no passive effects
@: no status effects
A: no striking features
a: Renounce Religion, Potion Petition, Call Merchant, Bribe Branch


You were on level 7 of the Dungeon.
You worshipped Gozag.
Gozag was aware of your devotion.
You visited 2 branches of the dungeon, and saw 8 of its levels.

You collected 356 gold pieces.
You paid 148 gold pieces to Gozag.

Inventory:

Hand Weapons
 a - a +0 club
 e - a +2 short sword of speed
 s - a +0 flail (weapon)
Armour
 b - a +0 leather armour
 u - a scarf of shadows
 z - the +1 leather armour "Naneli" (worn) {Regen+ rCorr Str-2 Stlth+}
   (You found it on level 4 of the Dungeon)

   Str:       It affects your strength (-2).
   Regen:     It increases your rate of health regeneration.
   rCorr:     It protects you from acid and corrosion.
   Stlth:     It makes you more stealthy.
 D - a scarf of repulsion
Magical Staves
 v - a staff of air
 y - a staff of poison
Jewellery
 p - a ring of fire (left hand)
 A - a ring of resist corrosion
Wands
 d - a wand of charming (1)
 r - a wand of polymorph (9)
Scrolls
 h - 6 scrolls of identify {unknown}
 i - 3 scrolls of enchant weapon {unknown}
 k - 3 scrolls of teleportation {unknown}
 m - a scroll of poison {unknown}
 n - 2 scrolls of enchant armour {unknown}
 o - 3 scrolls of noise {unknown}
 x - a scroll of torment {unknown}
 B - a scroll of amnesia {unknown}
 C - a scroll of silence {unknown}
Potions
 c - a potion of degeneration {unknown}
 f - a potion of might {unknown}
 g - 2 potions of attraction {unknown}
 j - 2 potions of curing
 l - 2 potions of magic {unknown}
 q - a potion of brilliance {unknown}
 t - 2 potions of ambrosia {unknown}
 w - a potion of berserk rage {unknown}


   Skills:
 + Level 3.9 Fighting
 - Level 3.0 Maces & Flails
 + Level 0.7 Throwing
 - Level 2.0 Armour
 + Level 3.9 Dodging
 + Level 3.0 Stealth
 * Level 2.8 Spellcasting
 + Level 4.9 Evocations


You had 12 spell levels left.
You didn't know any spells.
Your spell library contained the following spells:

 Spells                   Type           Power      Damage    Failure   Level
 Ignite Poison            Fire/Tmut/Pois 3%         N/A       63%         3
 Sticky Flame             Conj/Fire      3%         2d3       95%         4
 Ignition                 Fire           1%         3d3       100%        8


Dungeon Overview and Level Annotations

Branches:
Dungeon (7/15)             Temple (1/1) D:7

Altars:
Ashenzari
Dithmenos
Elyvilon
Fedhas
Gozag
Hepliaklqana
Makhleb
Nemelex Xobeh
Okawaru
Qazlal
Wu Jian
Xom
Zin
The Shining One

Annotations:
D:6 exclusion: upstairs


Message History

The ogre is poisoned.
The ogre shouts!
No target in view!
Found 5 stones.
The ogre shouts!
You throw a poisoned dart. The poisoned dart hits the ogre.
The ogre is poisoned.
You throw a poisoned dart. The poisoned dart hits the ogre.
The ogre looks even sicker.
The ogre is lightly wounded.
You see here 5 stones.
You barely miss the ogre.
The ogre is lightly wounded.
The ogre hits you with a +0 giant club!
You hit the ogre.
The ogre is moderately wounded.
The ogre completely misses you.
You sock the ogre!
The ogre is heavily wounded.
The ogre misses you.
You barely miss the ogre.
The ogre is heavily wounded.
You hit the ogre but do no damage.
The ogre is severely wounded.
The ogre barely misses you.
You barely miss the ogre.
The ogre is severely wounded.
The ogre misses you.
You barely miss the ogre.
The ogre is severely wounded.
The ogre misses you.
You hit the ogre.
The ogre is almost dead.
The ogre hits you with a +0 giant club!!
Ouch! That really hurt!
You hit the ogre but do no damage.
The ogre is almost dead.
The ogre hits you with a +0 giant club!!
You die...
Your body crumbles into a pile of gold.

### #.##.........###
#..#
#.###.##.##)#######..#
#.# #....# ..#.......#
#.. ...... .(..####.##
### # #(# #.# #.# #.#
#.# #.# #O######.#
#@.......# #..#######
#..# ...... #.##.###
#. #.# # #.# #.# ..


You could see an ogre (poisoned).

Vanquished Creatures
  Pargi (D:3)
  A bullfrog (D:4)
  2 scorpions (D:5)
  An orc wizard (D:5)
  Natasha (thrice) (D:2)
  An iguana (D:4)
  A gnoll (D:6)
  4 adders
  An ufetubus (D:5)
  A worm (D:4)
  2 dart slugs
  10 orcs
  9 endoplasms
  3 giant cockroaches
  5 goblins
  2 hobgoblins (D:4)
  4 jackals (D:4)
  4 quokkas
  5 ball pythons
  4 bats
  3 frilled lizards
  7 kobolds
  7 rats
81 creatures vanquished.

Vanquished Creatures (collateral kills)
  Eustachio (D:5)
  An ogre (D:5)
  A hound (D:2)
  An iguana (D:5)
  An orc wizard (D:5)
  An adder (D:5)
  3 orcs
9 creatures vanquished.

Vanquished Creatures (others)
  An orc warrior (D:5)
  A hound (D:6)
  An iguana (D:5)
  A gnoll (D:1)
  An adder (D:2)
  A quokka (D:2)
6 creatures vanquished.

Grand Total: 96 creatures vanquished

Notes
Turn   | Place    | Note
-------+----------+-------------------------------------------
     0 | D:1      | H0rd4k the Human Artificer began the quest for the Orb.
     0 | D:1      | Reached XP level 1. HP: 15/15 MP: 1/1
    34 | D:1      | Found a faded altar of an unknown god.
   229 | D:1      | Reached XP level 2. HP: 5/21 MP: 2/2
  1164 | D:2      | Reached XP level 3. HP: 5/26 MP: 3/3
  1250 | D:2      | Reached skill level 4 in Evocations
  1347 | D:2      | Noticed Natasha
  1349 | D:2      | Killed Natasha
  1350 | D:2      | Reached XP level 4. HP: 32/32 MP: 4/4
  1585 | D:2      | Noticed Natasha
  1600 | D:2      | Killed Natasha
  1711 | D:2      | Noticed Natasha
  1723 | D:2      | Killed Natasha
  1724 | D:2      | Reached skill level 1 in Maces & Flails
  1724 | D:2      | Reached XP level 5. HP: 13/38 MP: 5/5
  1973 | D:2      | Found a shimmering altar of Xom.
  2184 | D:3      | Found an iron altar of Okawaru.
  2738 | D:3      | Noticed Pargi
  2741 | D:3      | Killed Pargi
  2742 | D:3      | Reached XP level 6. HP: 44/44 MP: 6/6
  3261 | D:4      | Found a glowing golden altar of the Shining One.
  3635 | D:4      | Found a burning altar of Makhleb.
  3735 | D:4      | Found a shadowy altar of Dithmenos.
  3874 | D:4      | Found a white marble altar of Elyvilon.
  3984 | D:4      | Found a hazy altar of Hepliaklqana.
  4031 | D:4      | Reached XP level 7. HP: 12/51 MP: 6/8
  4326 | D:4      | Identified the +1 leather armour "Naneli" {Regen+ rCorr
                  | Str-2 Stlth+}
  4685 | D:5      | Entered Level 5 of the Dungeon
  4788 | D:5      | Noticed Eustachio
  4860 | D:5      | Killed Eustachio
  4861 | D:5      | Reached skill level 1 in Spellcasting
  5058 | D:5      | Reached XP level 8. HP: 58/58 MP: 11/11
  5147 | D:5      | Found a sparkling altar of Nemelex Xobeh.
  5532 | D:7      | Found a staircase to the Ecumenical Temple.
  5572 | Temple   | Entered the Ecumenical Temple
  5752 | Temple   | Became a worshipper of Gozag Ym Sagoz the Greedy
  5820 | D:7      | Slain by an ogre

Illustrated notes

Levels and vault maps discovered:
D:1:      kennysheep_arrival_forest, layout_basic,
          hellmonk_ecumenical_altar_run_dry, roderic_lattice_a,
          dk_noncrumbling_3, chequers_serial_rivers_large_b
D:2:      layout_loops_ring, basic_altar, glass_columns_c, uniq_natasha
D:3:      kennysheep_six_static_rooms, layout_basic, okawaru_ov_weapons_minmay,
          uniq_pargi
D:4:      layout_loops_corners, amcnicky_altar_gilded,
          grunt_temple_overflow_open, mainiacjoe_overflow_surrounded_room,
          mainiacjoe_overflow_paths
D:5:      kb_forest_paths, layout_basic, nemelex_altar_shiori,
          cheibriados_altar_1, uniq_eustachio
D:6:      layout_gridville, uniq_duvessa, uniq_grinder, uniq_prince_ribbit1
D:7:      layout_loops_ring, lemuel_tele_altar, lemuel_zombie_altar_yredelemnul,
          minmay_temple_entry_large_hall
Temple:   nicolae_temple_bog_church

Skill      XL: |  1  2  3  4  5  6  7  8 |
---------------+-------------------------+-----
Evocations     | 4 |  4.9
Dodging        | 2 3 |  3.9
Maces & Flails | 1 2 3 |  3.0
Fighting       | 2 3 |  3.9
Stealth        | 2 3 |  3.0
Spellcasting   | 2 |  2.8
Throwing       | |  0.7
Armour         | |  2.0

Action                     |  1- 3 |  4- 6 |  7- 9 || total
---------------------------+-------+-------+-------++-------
  Melee: Club              |    67 |   102 |       ||   169
         Flail             |       |   112 |   109 ||   221
         Punch             |       |     2 |     1 ||     3
  Throw: Dart              |       |       |    17 ||    17
  Evoke: Wand              |     6 |    18 |    10 ||    34
    Use: Potion            |     1 |       |       ||     1
   Stab: Sleeping          |     1 |     4 |     3 ||     8
         Distracted        |       |     1 |       ||     1
 Armour: Leather armour    |    31 |    51 |    29 ||   111
  Dodge: Dodged            |    56 |   167 |    96 ||   319
